 Dungeon Crawl Stone Soup version 0.31-a0-232-gb1c03b2570 (webtiles) character file.

Game seed: 16292310944519216476

130 qw the Shooter (level 5, -3/30 HPs)
             Began as a Gargoyle Hexslinger on July 7, 2023.
             Frozen to death by an endoplasm (5 damage)
             ... on level 3 of the Dungeon.
             The game lasted 00:00:38 (2283 turns).

qw the Shooter (Gargoyle Hexslinger)                Turns: 2283, Time: 00:00:39

Health: -3/30      AC:  6    Str: 12    XL:     5   Next: 14%
Magic:  6/6        EV: 12    Int: 13    God:
Gold:   89         SH:  0    Dex: 14    Spells: 5/6 levels left

rFire   . . .        Y - +1 sling
rCold   . . .        (no shield)
rNeg    + . .        c - +0 robe
rPois   inf          (no helmet)
rElec   +            b - scarf {repulsion}
rCorr   .            (no gloves)
SInv    .            (no boots)
Will    .....        (no amulet)
Stlth   +            (no ring)
HPRegen 0.25/turn    (no ring)
MPRegen 0.10/turn

%: repel missiles
@: no status effects
A: sickness immunity, AC +4, negative energy resistance 1, electricity
resistance, torment resistance 1, petrification resistance
a: no special abilities


You were on level 3 of the Dungeon.
You visited 1 branch of the dungeon, and saw 3 of its levels.

You collected 89 gold pieces.


Innate Abilities, Weirdness & Mutations

You are immune to sickness and miasma.
Your stone body is resilient. (AC +4)
You are immune to poison.
You resist negative energy. (rN+)
You are resistant to electric shocks. (rElec)
You are resistant to unholy torment.
You are immune to petrification.


   Skills:
 - Level 2.0 Fighting
 + Level 4.9 Ranged Weapons
 - Level 1.5 Dodging
 - Level 1.0 Spellcasting
 - Level 2.6 Hexes


You had 5 spell levels left.
You knew the following spells:

 Your Spells              Type           Power      Damage    Failure   Level
a - Slow                  Hex            28%        N/A       10%         1

Your spell library contained the following spells:

 Spells                   Type           Power      Damage    Failure   Level
 Inner Flame              Hex/Fire       4%         N/A       43%         3
 Portal Projectile        Hex/Tloc       8%         N/A       43%         3
 Cause Fear               Hex            3%         N/A       67%         4

Inventory:

Hand Weapons
 Y - a +1 sling (weapon)
Armour
 b - a scarf of repulsion (worn)
 c - a +0 robe (worn)
Potions
 a - a potion of cancellation {unknown}
 d - a potion of ambrosia {unknown}
 e - a potion of curing

Dungeon Overview and Level Annotations

Branches:
Dungeon (3/15)

Altars:
Xom


Message History

The sling bullet hits the orc!
You kill the orc!
You shoot a sling bullet.
The sling bullet hits the orc priest but does no damage.
The orc priest is almost dead.
The orc priest calls down the wrath of Beogh upon you.
Pain shoots through your body!
An endoplasm comes into view.
You shoot a sling bullet.
The sling bullet completely misses the orc priest.
The endoplasm quivers.
The orc priest casts a cantrip, but nothing happens.
The orc hits you with a +1 flail of protection!
You shoot a sling bullet. The sling bullet hits the orc priest.
The orc priest is almost dead.
The orc priest invokes the aid of Beogh against you.
You barely resist. You shoot a sling bullet.
The sling bullet hits the orc priest.
You kill the orc priest!
You have reached level 5!
You shoot a sling bullet.
The sling bullet hits the orc but does no damage.
The orc hits you with a +1 flail of protection!
The orc closely misses you.
You shoot a sling bullet. The sling bullet hits the orc.
The orc is almost dead.
The orc misses you. The orc hits you with a +0 flail.
The orc completely misses you. The orc hits you with a +0 flail.
You shoot a sling bullet. The sling bullet hits the orc.
You kill the orc!
The orc hits you with a +0 flail.
You shoot a sling bullet. The sling bullet hits the endoplasm.
The endoplasm is moderately wounded.
The endoplasm closely misses you. The orc closely misses you.
You shoot a sling bullet. The sling bullet hits the endoplasm.
The endoplasm is almost dead.
The orc hits you with a +0 flail. The endoplasm freezes you.
You are frozen.
You die...

#######. ###...
###. #....##
)######... +..()'
.......... #....#
#.######.#. #....#
#........#. #....#
#######..#. #oJ..#
#.....#. # #@)..#
#.....## #. #....#
#.....# #.######
#....# #.....#
#......######....#
###..##
#......'......####
#..###
##......######.#
#....#
7~~7..[.....###.#
##.#.#
7~~~~77~~.##.....#
#.#.#
7~~~~~~7~~77######
### #.#.#


You could see an orc and an endoplasm.

Vanquished Creatures
  An orc priest (D:3)
  Jessica (D:3)
  An adder (D:3)
  An ufetubus (D:2)
  3 worms (D:2)
  2 dart slugs (D:1)
  3 orcs (D:3)
  8 ball pythons
  3 bats
  5 endoplasms
  A giant cockroach (D:1)
  A hobgoblin (D:3)
  10 kobolds
  2 quokkas (D:1)
  4 frilled lizards
  A goblin (D:2)
  A rat (D:2)
48 creatures vanquished.

Notes
Turn   | Place    | Note
-------+----------+-------------------------------------------
     0 | D:1      | qw the Gargoyle Hexslinger began the quest for the Orb.
     0 | D:1      | Reached XP level 1. HP: 12/12 MP: 2/2
     0 | D:1      | 0 ||| qw: Version: 0.3-a-46-gb1f654a
     0 | D:1      | 0 ||| qw: Game counter: 2360
     0 | D:1      | 0 ||| qw: Melee chars always use a shield: true
     0 | D:1      | 0 ||| qw: God list: Okawaru
     0 | D:1      | 0 ||| qw: Allow faded altars: false
     0 | D:1      | 0 ||| qw: Do Orc after clearing Dungeon:15 true
     0 | D:1      | 0 ||| qw: Do second Lair branch before Depths: true
     0 | D:1      | 0 ||| qw: Lair rune preference: random
     0 | D:1      | 0 ||| qw: Goals: Normal
     0 | D:1      | 0 ||| PLANNING D:1-11
    46 | D:1      | Found a faded altar of an unknown god.
    92 | D:1      | You fall into a shaft and drop 1 floor!
   103 | D:2      | Found a shimmering altar of Xom.
   163 | D:2      | Reached XP level 2. HP: 16/16 MP: 3/3
   194 | D:2      | Reached skill level 3 in Ranged Weapons
   275 | D:2      | 275 ||| DROPPING scroll of poison.
   278 | D:2      | 278 ||| FLEEEEING.
   279 | D:2      | 279 ||| STAIRDANCE
   761 | D:1      | Reached XP level 3. HP: 21/21 MP: 4/4
   939 | D:1      | 939 ||| READING scroll labelled FUAX DILIATOI.
  1192 | D:2      | 1192 ||| Stepping ~*~*~tactically~*~*~ (water).
  1375 | D:2      | 1375 ||| UPGRADING to scarf of repulsion.
  1749 | D:2      | 1749 ||| READING scroll labelled DOITENAGOCK.
  1750 | D:2      | 1750 ||| DRINKING 2 ruby potions.
  1843 | D:3      | Noticed Jessica
  1849 | D:3      | Killed Jessica
  1850 | D:3      | Reached skill level 4 in Ranged Weapons
  1850 | D:3      | Reached XP level 4. HP: 26/26 MP: 5/5
  2279 | D:3      | Reached XP level 5. HP: 13/30 MP: 6/6
  2279 | D:3      | HP: 6/30 [orc/+1 flail of protection (7)]
  2283 | D:3      | HP: 2/30 [orc/+0 flail (2)]
  2283 | D:3      | Frozen to death by an endoplasm

Levels and vault maps discovered:
D:1:      doesnt_arrival_eight_statues, layout_loops_corners,
          dreamdust_ecumenical_altar_statues
D:2:      wander_river, layout_loops_cross, basic_altar,
          serial_co_window_serial, co_window_paths_b, co_window_corner_a,
          co_window_corner_a, co_window_of_opportunity_a, co_window_paths_b,
          co_window_of_opportunity_b, co_window_broadway_a,
          co_window_unsneaky_path_b, co_window_broadway_b, co_window_2corner,
          glass_columns_b, glass_columns_a, glass_columns_a, glass_columns_a,
          glass_columns_a
D:3:      layout_basic, serial_shops, nicolae_shop_just_a_little_nook,
          serial_bayou_lake_a, uniq_jessica, uniq_robin, uniq_sigmund,
          uniq_ijyb, uniq_natasha

Skill      XL: |  1  2  3 |
---------------+----------+-----
Ranged Weapons | 3 4 |  4.9
Fighting       | 2 |  2.0
Dodging        | |  1.5
Spellcasting   | |  1.0
Hexes          | |  2.6

Action                     |  1- 3 |  4- 6 || total
---------------------------+-------+-------++-------
   Fire: Sling             |   105 |    46 ||   151
    Use: Scroll            |     2 |       ||     2
         Potion            |     1 |       ||     1
 Armour: Robe              |    11 |     7 ||    18
  Dodge: Dodged            |    14 |    12 ||    26
         Repelled          |       |     1 ||     1

Table legend:
 A = Non-vault XP
 B = Vault XP
 C = Vault XP percentage of total XP
 D = Non-vault monster count
 E = Vault monster count
 F = Vault count percentage of total count
                 A         B        C        D         E       F
            +---------+---------+-------+---------+---------+-------
      Total |     150 |      37 |  19.8 |      47 |       1 |   2.1
            +---------+---------+-------+---------+---------+-------
        D:1 |      30 |       0 |   0.0 |      15 |       0 |   0.0
        D:2 |      48 |       0 |   0.0 |      20 |       0 |   0.0
        D:3 |      72 |      37 |  33.9 |      12 |       1 |   7.7
            +---------+---------+-------+---------+---------+-------
